 Dungeon Sprint DCSS version 0.25-a0-1079-g858b6a6 (webtiles) character file.

Game seed: 12435148247556325685, levelgen mode: deterministic

7200000 12572944 the Formicid Barricade (level 27, -70/249 HPs)
             Began as a Formicid Fighter on May 16, 2020.
             Was the Champion of Makhleb.
             Annihilated by a destroyer
             ... wielding a +9 vorpal great sword
              (196 damage)
             ... in the Dungeon (Sprint VIII: "Arena of Blood").
             The game lasted 00:02:34 (72 turns).

12572944 the Formicid Barricade (Formicid Fighter)    Turns: 72, Time: 00:02:34

Health: -70/249    AC: 13    Str: 22    XL:     27
Magic:  32/54      EV: 31    Int: 11    God:    Makhleb [******]
Gold:   0          SH: 19    Dex: 19    Spells: 80/80 levels left

rFire    . . .     SeeInvis +   k - +∞ Axe of Woe
rCold    . . .     Gourm    .   b - +0 kite shield
rNeg     . . .     Faith    .   a - +0 scale mail
rPois    .         Spirit   .   (helmet unavailable)
rElec    .         Reflect  .   (no cloak)
rCorr    .         Harm     .   (no gloves)
MR       ++...                  (no boots)
Stlth    ++++++++..             (no amulet)
HPRegen  0.51/turn              (no ring)
MPRegen  0.34/turn              (no ring)

@: no status effects
A: permanent stasis, dig shafts and tunnels, four strong arms, antennae 3
a: Dig, Minor Destruction, Lesser Servant of Makhleb, Major Destruction, Greater
Servant of Makhleb, Renounce Religion


You were in the Dungeon.
You worshipped Makhleb.
Makhleb was exalted by your worship.
You were not hungry.

You visited 1 branch

Inventory:

Hand Weapons
 k - the +∞ Axe of Woe (weapon)
   (You found it in the Dungeon)
Armour
 a - a +0 scale mail (worn)
 b - a +0 kite shield (worn)
Scrolls
 j - a scroll of blinking
Potions
 c - a potion of might
 e - a potion of curing {@q1}
 f - a potion of heal wounds {@q2}
 g - a potion of haste {@q3}
 h - 2 potions of magic
 i - a potion of berserk rage
Comestibles
 d - a ration


   Skills:
 O Level 27 Fighting
 O Level 27 Axes
 O Level 27 Throwing
 O Level 27 Armour
 O Level 27 Dodging
 O Level 27 Stealth
 O Level 27 Shields
 O Level 27 Unarmed Combat
 O Level 27 Spellcasting
 O Level 27 Invocations


You had 80 spell levels left.
You didn't know any spells.
Your spell library was empty.

Dungeon Overview and Level Annotations

Branches:
Dungeon (1/1)

Altars:
Makhleb


Innate Abilities, Weirdness & Mutations

You cannot be hasted, slowed, berserked, paralysed or teleported.
You can dig through walls and to a lower floor.
Your four strong arms can wield two-handed weapons with a shield.
You have a pair of large antennae on your head. (SInv)


Message History

You destroy the large abomination!
You hear a shout! x5
The meat berserker rages.
You hear a shout! x3
You hear a shout! x6
The destroyer blinks!
The eight-headed meat hydra calls on the powers of darkness!
The eight-headed meat hydra convulses!
Your body is wracked with pain!
The bag of meat convulses!
The meat berserker convulses!
The bag of meat convulses!
The meat berserker convulses!
You hear a shout!
You see here a meat hydra corpse.
A dread comes into view.
The meat beast appears out of thin air!
A meat beast comes into view.
A meat berserker comes into view. It is wielding a +9 battleaxe.
You hear a shout! x5
The destroyer hits you with a +9 vorpal great sword!!!!!
Ouch! That really hurt!
You die...

#......###... ..##
...............###....
.......#........_O....
.oO.#.......#.....#
###2.xX..X...#_.<._#
.##....#..XX..)#)....#..
#.....oLX#)X..W.)._)....
#.....D§)o.)...))###....
......V@†OM)###.......##
W.............#.......#
.........%%...#.......#
.....#.................
....#.#.#%...........V..
.....#.#...............
#...#.#.#%........
##...# .O...#...


You could see an accursed, a tentacled monstrosity (summoned), a meat beast
(wandering, fast), a tyrant (fast), an eight-headed meat hydra, a destroyer, 3
large abominations, 2 dreads, 3 meat berserkers and 3 bags of meat.

Vanquished Creatures
  2 hell beasts (D)
  3 greater mummies (D)
  16 vampire knights (D)
  29 ogres (D)
  8 two-headed ogres (D)
  2 liches (D)
  A hydra (D)
  75 orcs (D)
  6 skeletal warriors (D)
  5 large abominations (D)
  8 small abominations (D)
  8 crawling corpses (D)
163 creatures vanquished.

Vanquished Creatures (others)
  2 crawling corpses (D)
2 creatures vanquished.

Grand Total: 165 creatures vanquished

Notes
Turn   | Place    | Note
-------+----------+-------------------------------------------
     0 | D        | Found the +∞ Axe of Woe
     0 | D        | 12572944 the Formicid Fighter began the quest for the Orb.
     0 | D        | Reached XP level 1. HP: 18/18 MP: 1/1
     1 | D        | Noticed a bag of meat
     2 | D        | Noticed a bag of meat
     2 | D        | Noticed a bag of meat
     4 | D        | Became a worshipper of Makhleb the Destroyer
     5 | D        | Killed a bag of meat
     5 | D        | Reached skill level 15 in Fighting
     5 | D        | Reached skill level 15 in Armour
     5 | D        | Reached XP level 2. HP: 45/45 MP: 2/2
     5 | D        | Reached XP level 3. HP: 51/51 MP: 3/3
     5 | D        | Reached XP level 4. HP: 58/58 MP: 4/4
     5 | D        | Reached XP level 5. HP: 64/64 MP: 5/5
     5 | D        | Reached XP level 6. HP: 71/71 MP: 6/6
     5 | D        | Reached XP level 7. HP: 77/77 MP: 7/7
     5 | D        | Reached XP level 8. HP: 85/85 MP: 8/8
     5 | D        | Reached XP level 9. HP: 91/91 MP: 9/9
     5 | D        | Reached XP level 10. HP: 98/98 MP: 10/10
     5 | D        | Reached XP level 11. HP: 104/104 MP: 11/11
     5 | D        | Reached XP level 12. HP: 111/111 MP: 12/12
     5 | D        | Noticed a bag of meat
     6 | D        | Noticed a bag of meat
     7 | D        | Killed a bag of meat
     7 | D        | Reached * piety under Makhleb
     7 | D        | Reached skill level 15 in Unarmed Combat
     7 | D        | Reached XP level 13. HP: 124/124 MP: 13/13
     7 | D        | Noticed a bag of meat
     7 | D        | Noticed a meat berserker
     8 | D        | Noticed a bag of meat
     9 | D        | Killed a bag of meat
     9 | D        | Reached XP level 14. HP: 136/136 MP: 14/14
     9 | D        | Killed a bag of meat
     9 | D        | Reached XP level 15. HP: 146/146 MP: 15/15
    10 | D        | Reached ** piety under Makhleb
    10 | D        | Reached skill level 5 in Axes
    11 | D        | Killed a meat berserker
    11 | D        | Reached skill level 1 in Dodging
    11 | D        | Reached XP level 16. HP: 161/161 MP: 16/16
    12 | D        | Reached skill level 10 in Axes
    12 | D        | Noticed a meat berserker
    13 | D        | Noticed a meat berserker
    14 | D        | Noticed a meat berserker
    14 | D        | Noticed a meat berserker
    14 | D        | Noticed a meat berserker
    15 | D        | Killed a meat berserker
    15 | D        | Reached *** piety under Makhleb
    15 | D        | Reached skill level 27 in Fighting
    15 | D        | Reached skill level 15 in Axes
    15 | D        | Reached skill level 27 in Armour
    15 | D        | Reached skill level 27 in Shields
    15 | D        | Reached XP level 17. HP: 174/174 MP: 17/17
    16 | D        | Killed a meat berserker
    16 | D        | Reached skill level 5 in Dodging
    16 | D        | Reached XP level 18. HP: 182/182 MP: 18/18
    17 | D        | Reached **** piety under Makhleb
    18 | D        | Killed a meat berserker
    18 | D        | Reached skill level 27 in Axes
    18 | D        | Reached skill level 10 in Dodging
    18 | D        | Reached XP level 19. HP: 189/189 MP: 19/19
    18 | D        | Killed a meat berserker
    18 | D        | Reached skill level 27 in Unarmed Combat
    18 | D        | Reached XP level 20. HP: 197/197 MP: 20/20
    18 | D        | Noticed a large bag of meat
    18 | D        | Noticed a large bag of meat
    20 | D        | Killed a meat berserker
    20 | D        | Reached ***** piety under Makhleb
    20 | D        | Reached skill level 27 in Dodging
    20 | D        | Reached XP level 21. HP: 204/204 MP: 21/21
    20 | D        | Noticed a destroyer
    20 | D        | Noticed a destroyer
    20 | D        | Noticed a meat berserker
    22 | D        | Noticed a meat berserker
    23 | D        | Noticed a meat berserker
    23 | D        | Noticed a meat berserker
    24 | D        | Noticed a meat berserker
    24 | D        | Noticed a meat berserker
    24 | D        | Noticed a destroyer
    24 | D        | Noticed a meat berserker
    25 | D        | Killed a meat berserker
    25 | D        | Reached skill level 15 in Invocations
    25 | D        | Noticed a destroyer
    25 | D        | Noticed a meat berserker
    25 | D        | Noticed a meat berserker
    26 | D        | Noticed a large bag of meat
    26 | D        | Noticed a destroyer
    26 | D        | Noticed a meat berserker
    27 | D        | Killed a destroyer
    27 | D        | Reached XP level 22. HP: 212/212 MP: 21/43
    28 | D        | Noticed a destroyer
    28 | D        | Killed a destroyer
    28 | D        | Reached XP level 23. HP: 219/219 MP: 21/47
    28 | D        | Reached skill level 27 in Stealth
    28 | D        | Reached ****** piety under Makhleb
    28 | D        | Reached skill level 27 in Invocations
    28 | D        | Noticed a destroyer
    29 | D        | Killed a destroyer
    29 | D        | Reached skill level 27 in Throwing
    29 | D        | Reached skill level 27 in Spellcasting
    29 | D        | Reached XP level 24. HP: 227/227 MP: 21/54
    29 | D        | Reached XP level 25. HP: 234/234 MP: 21/54
    30 | D        | Killed a destroyer
    30 | D        | Reached XP level 26. HP: 242/242 MP: 22/54
    32 | D        | Reached XP level 27. HP: 249/249 MP: 22/54
    32 | D        | Noticed a large bag of meat
    32 | D        | Noticed a destroyer
    33 | D        | Killed a destroyer
    33 | D        | Noticed a destroyer
    33 | D        | Noticed a destroyer
    34 | D        | Noticed a destroyer
    35 | D        | Killed a large bag of meat
    35 | D        | Killed a destroyer
    35 | D        | Noticed a large bag of meat
    36 | D        | Killed a large bag of meat
    37 | D        | Killed a large bag of meat
    37 | D        | Noticed a large bag of meat
    37 | D        | Noticed a large bag of meat
    37 | D        | Noticed a destroyer
    38 | D        | Killed a destroyer
    39 | D        | Killed a destroyer
    41 | D        | Killed a destroyer
    42 | D        | Noticed a large bag of meat
    43 | D        | Killed a large bag of meat
    44 | D        | Killed a destroyer
    44 | D        | Noticed an accursed
    45 | D        | Killed a destroyer
    46 | D        | Noticed an accursed
    47 | D        | Killed a large bag of meat
    48 | D        | Killed a large bag of meat
    49 | D        | Noticed a destroyer
    50 | D        | Noticed a tyrant
    50 | D        | Noticed an accursed
    51 | D        | Killed a large bag of meat
    51 | D        | Noticed a tyrant
    51 | D        | Noticed a destroyer
    52 | D        | Noticed an accursed
    52 | D        | Killed a large bag of meat
    52 | D        | Killed a destroyer
    53 | D        | Killed a destroyer
    54 | D        | Noticed a meat beast
    54 | D        | Killed a destroyer
    57 | D        | Killed a meat beast
    58 | D        | Killed an accursed
    58 | D        | Noticed a destroyer
    59 | D        | Killed an accursed
    59 | D        | Noticed a meat beast
    60 | D        | Noticed a tyrant
    61 | D        | Killed an accursed
    64 | D        | Killed a meat beast
    66 | D        | Killed a tyrant
    66 | D        | Killed a tyrant
    66 | D        | Noticed a meat beast
    67 | D        | Noticed a destroyer
    67 | D        | Noticed a destroyer
    68 | D        | Killed a destroyer
    69 | D        | Noticed a dread
    70 | D        | Killed a destroyer
    72 | D        | Noticed a dread
    72 | D        | Annihilated by a destroyer

Illustrated notes

Levels and vault maps discovered:
D:        meatsprint

Skill      XL: |  1  2  3  4  5  6  7  8  9 10 11 12 13 14 15 16 17 18 19 20 21 22 23 |
---------------+----------------------------------------------------------------------+-----
Fighting       | 15 18 20 21 24 27 | 27.0
Armour         | 15 18 20 21 24 27 | 27.0
Shields        | 17 19 21 23 26 27 | 27.0
Unarmed Combat | 14 15 16 17 19 20 25 27 | 27.0
Axes           | 2 4 9 15 21 27 | 27.0
Dodging        | 1 5 10 17 27 | 27.0
Throwing       | 17 20 27 | 27.0
Stealth        | 21 25 27 | 27.0
Spellcasting   | 17 20 27 | 27.0
Invocations    | 19 24 27 | 27.0

Action                   |  1- 3 |  4- 6 |  7- 9 | 10-12 | 13-15 | 16-18 | 19-21 | 22-24 | 25-27 || total
-------------------------+-------+-------+-------+-------+-------+-------+-------+-------+-------++-------
Melee: Executioner's axe |     1 |       |       |     1 |     3 |     5 |     3 |     2 |    40 ||    55
Dodge: Dodged            |       |       |       |       |       |       |       |       |     4 ||     4
Block: Kite shield       |       |       |       |       |     1 |     1 |       |       |     3 ||     5

Table legend:
 A = Non-vault XP
 B = Vault XP
 C = Vault XP percentage of total XP
 D = Non-vault monster count
 E = Vault monster count
 F = Vault count percentage of total count
                 A         B        C        D         E       F
            +---------+---------+-------+---------+---------+-------
      Total | 2584599 | 1530910 |  37.2 |      78 |      77 |  49.7
            +---------+---------+-------+---------+---------+-------
          D | 2584599 | 1530910 |  37.2 |      78 |      77 |  49.7
            +---------+---------+-------+---------+---------+-------
